cohdb
Replays
Latest Replays
All Replays
Popular Replays
Top Player Replays
Match Explorer
How It Works
Community
CoH3 Stats
Reddit
Sign in to upload your games and track your stats! →
Sign in with Steam
Match 43782638
Unlisted
Match 43782638
Overview
Messages
Build Orders
End
Panzergrenadier Squad
Panzergrenadier Squad
Panzergrenadier Squad
Construct Light Support Kompanie
MG34 Team
2.5-tonne Medical Truck
Selects Italian Infantry
Selects Defensive Operations
Panzerpioneer Squad
Assault Mechanized Group
Combat Half-tracks
Selects Defensive Operations
Selects Territory Booby Traps
Construct Mechanized Kompanie
Marder III Tank Destroyer
Panzerjäger Mechanized Group
Support Armor Elements
Selects Obice 305mm Barrage
Selects Obice 305mm Barrage
Selects Guastatori Squad
Guastatori Squad
Obice 305mm Barrage
Construct Panzerarmee Kommand
Selects Registered Artillery
Sparviero
Fraz
Mysto
Augustino_hb
admiral_gnar
mitchellvarian12
0
0
Comments
sign in to comment!
No comments posted yet!